 Dungeon Crawl Stone Soup version 0.31.0-12-g77e489cdc1 (webtiles) character file.

Game seed: 16071590882483531843

434 Gadfly the Sneak (level 6, -3/30 HPs)
             Began as a Spriggan Enchanter on Feb 20, 2024.
             Slain by a gnoll
             ... wielding a +0 flail
             ... led by a gnoll sergeant
              (11 damage)
             ... on level 5 of the Dungeon.
             The game lasted 00:07:53 (5083 turns).

Gadfly the Sneak (Spriggan Enchanter)               Turns: 5083, Time: 00:07:54

Health: -3/30      AC:  2    Str:  4    XL:     6   Next: 67%
Magic:  9/13       EV: 20    Int: 16    God:
Gold:   292        SH:  0    Dex: 24    Spells: 6/13 levels left

rFire   . . .        a - +2 dagger
rCold   . . .        p - orb {*channel}
rNeg    . . .        v - +0 robe
rPois   .            (helmet restricted)
rElec   .            (no cloak)
rCorr   .            (gloves unavailable)
SInv    +            (boots unavailable)
Will    +....        (no amulet)
Stlth   ++++         o - +6 ring of dexterity
HPRegen 0.25/turn    (no ring)
MPRegen 0.13/turn

%: channel magic (20%)
@: very slightly contaminated, very quick
A: very small, no large weapons, unfitting armour, see invisible, speed 3
a: no special abilities


You were on level 5 of the Dungeon.
You visited 1 branch of the dungeon, and saw 5 of its levels.

You collected 292 gold pieces.

Inventory:

Hand Weapons
 a - a +2 dagger (weapon)
 b - a +1 short sword of holy wrath
Missiles
 e - a throwing net
Armour
 p - an orb of energy (worn)
 v - a +0 robe (worn)
Jewellery
 o - a +6 ring of dexterity (left hand)
Wands
 q - a wand of light (4)
Scrolls
 f - a scroll of poison
 h - a scroll of fog
 i - 2 scrolls of teleportation
 j - a scroll of amnesia
 n - a scroll of fear
 r - a scroll of silence {unknown}
 s - a scroll of identify {unknown}
Potions
 c - 3 potions of invisibility
 d - 4 potions of mutation {unknown}
 g - 3 potions of heal wounds {unknown}
 k - a potion of haste {unknown}
 l - 2 potions of curing {unknown}
 m - a potion of degeneration {unknown}


   Skills:
 + Level 1.8 Fighting
 + Level 3.2 Short Blades
 + Level 4.1 Dodging
 + Level 5.8 Stealth
 + Level 4.0 Spellcasting
 + Level 4.9 Hexes
 + Level 3.1 Evocations


You had 6 spell levels left.
You knew the following spells:

 Your Spells              Type           Power      Damage    Failure   Level
a - Ensorcelled Hibernat  Hex/Ice        22%        N/A       24%         2
b - Confusing Touch       Hex            19%        N/A       19%         3
c - Blink                 Tloc           6%         N/A       47%         2

Your spell library contained the following spells:

 Spells                   Type           Power      Damage    Failure   Level
 Tukima's Dance           Hex            19%        N/A       19%         3
 Foxfire                  Conj/Fire      12%        2x1d4     36%         1
 Magic Dart               Conj           12%        1d3       36%         1
 Dazzling Flash           Conj/Hex       22%        N/A       38%         3
 Call Imp                 Summ           6%         N/A       47%         2
 Lesser Beckoning         Tloc           6%         N/A       47%         2
 Momentum Strike          Conj/Tloc      6%         3d8       47%         2
 Plasma Beam              Fire/Air       1%         2x1d11    100%        6
 Starburst                Conj/Fire      1%         6d3       100%        6


Dungeon Overview and Level Annotations

Branches:
Dungeon (5/15)
 Temple: D:4-7

Altars:
Okawaru
Qazlal
The Shining One


Innate Abilities, Weirdness & Mutations

You are very small and have problems with some larger weapons.
You are too small for most types of armour.
You have supernaturally acute eyesight. (SInv)
You cover ground extremely quickly. (Speed+++)


Message History

The gnoll sergeant resists with some effort.
A gnoll comes into view. It is wielding a +0 flail.
The gnoll sergeant looks drowsy...
Magical energy flows into your mind!
The helpless gnoll sergeant fails to defend itself.
You stick the gnoll sergeant like a pincushion!!!
You kill the gnoll sergeant!
Your Dodging skill increases to level 4!
Your Spellcasting skill increases to level 4!
You hit the gnoll.
The gnoll is moderately wounded.
The gnoll completely misses you.
You hit the gnoll.
The gnoll is heavily wounded.
The gnoll misses you.
You hit the gnoll.
The gnoll is heavily wounded.
The gnoll closely misses you. The gnoll misses you.
You hit the gnoll but do no damage.
The gnoll is heavily wounded.
The gnoll hits you with a +0 flail.
The gnoll hits you from afar with a +0 spear.
You hit the gnoll but do no damage.
The gnoll is heavily wounded.
The gnoll completely misses you.
You hit the gnoll.
The gnoll is severely wounded.
The gnoll hits you from afar with a +0 spear.
The gnoll closely misses you.
You are too injured to fight recklessly!
You are too injured to fight recklessly!
You are too injured to fight recklessly!
Casting: Ensorcelled Hibernation (dangerous; 24% risk of failure)
Confirm with . or Enter, or press ? or * to list all spells.
Okay, then.
You hit the gnoll.
The gnoll is almost dead.
The gnoll hits you from afar with a +0 spear.
* * * LOW HITPOINT WARNING * * *
The gnoll hits you with a +0 flail!
You die...

......#.[..######
#####
#########........
#.####### #.# #.#
#.# #.# ####
...#######.# #...
....ggg@...# #.##
...######..# #.#
#..♣ #♣# #.♣♣ ..~
... ...♣~ ...♣♣


You could see 3 gnolls.

Vanquished Creatures
  A gnoll sergeant (D:5)
  A jelly (D:5)
  An orc priest (D:3)
  A hound (D:4)
  An iguana (D:5)
  An orc wizard (D:3)
  4 gnolls
  7 adders
  2 ufetubi (D:4)
  2 ribbon worms
  5 dart slugs
  14 orcs
  7 endoplasms
  3 giant cockroaches
  3 goblins
  7 hobgoblins
  6 jackals
  4 quokkas
  9 ball pythons
  5 bats
  6 frilled lizards
  5 kobolds
  3 rats
98 creatures vanquished.

Notes
Turn   | Place    | Note
-------+----------+-------------------------------------------
     0 | D:1      | Gadfly the Spriggan Enchanter began the quest for the Orb.
     0 | D:1      | Reached XP level 1. HP: 9/9 MP: 5/5
   220 | D:1      | Reached XP level 2. HP: 4/13 MP: 6/6
   247 | D:1      | Learned a level 2 spell: Ensorcelled Hibernation
   638 | D:1      | Reached skill level 1 in Evocations
   839 | D:1      | Reached XP level 3. HP: 17/17 MP: 8/8
  1557 | D:2      | Learned a level 3 spell: Confusing Touch
  1560 | D:2      | Learned a level 2 spell: Blink
  2246 | D:3      | Reached skill level 1 in Fighting
  2246 | D:3      | Reached XP level 4. HP: 22/22 MP: 6/9
  2768 | D:3      | Reached skill level 5 in Stealth
  2886 | D:3      | Found a faded altar of an unknown god.
  2896 | D:3      | Reached XP level 5. HP: 25/25 MP: 6/11
  3356 | D:3      | Found a stormy altar of Qazlal.
  4039 | D:4      | Reached XP level 6. HP: 28/30 MP: 5/12
  4292 | D:4      | Found a glowing golden altar of the Shining One.
  4764 | D:5      | Entered Level 5 of the Dungeon
  4767 | D:5      | Found an iron altar of Okawaru.
  5083 | D:5      | Slain by a gnoll

Illustrated notes

Levels and vault maps discovered:
D:1:      dpeg_arrival_solitude, layout_basic, hangedman_abyss_or_decor_stabs,
          minmay_tromino_i4
D:2:      layout_loops_ring, chequers_serial_rivers_small_b, minmay_bisected
D:3:      layout_rooms, mainiacjoe_overflow_boulevard,
          hellmonk_ecumenical_altar_run_dry, minmay_circle_x
D:4:      layout_basic, lemuel_round_altar
D:5:      layout_basic, kiku_gazebo_garden_becter, okawaru_gym_becter,
          nicolae_concentric_dashed_squares_mild, serial_bayou_crossing

Skill      XL: |  1  2  3  4  5  6 |
---------------+-------------------+-----
Evocations     | 1 2 3 |  3.1
Spellcasting   | 3 4 |  4.0
Hexes          | 4 |  4.9
Short Blades   | 2 3 |  3.2
Dodging        | 3 4 |  4.1
Fighting       | 1 |  1.8
Stealth        | 5 |  5.8

Action                     |  1- 3 |  4- 6 || total
---------------------------+-------+-------++-------
  Melee: Dagger            |    94 |   114 ||   208
         Punch             |     2 |       ||     2
   Cast: Ensorcelled Hiber |    19 |    61 ||    80
    Use: Scroll            |     6 |     2 ||     8
   Stab: Sleeping          |    21 |    46 ||    67
 Armour: Robe              |    20 |    48 ||    68
  Dodge: Dodged            |    72 |   138 ||   210
